 Dungeon Crawl Stone Soup version 0.31-a0-675-g238779eb0a (webtiles) character file.

Game seed: 1698570872740951026

134 Mickster the Chopper (level 5, -3/47 HPs)
             Began as a Hill Orc Berserker on Sept 5, 2023.
             Was a Believer of Trog.
             Slain by a black bear (4 damage)
             ... on level 3 of the Dungeon.
             The game lasted 00:09:34 (2335 turns).

Mickster the Chopper (Hill Orc Berserker)           Turns: 2335, Time: 00:09:35

Health: -3/47      AC:  9    Str: 22    XL:     5   Next: 17%
Magic:  5/5        EV:  8    Int:  7    God:    Trog [**....]
Gold:   104        SH:  0    Dex: 10    Spells: 4/4 levels left

rFire   . . .        a - +0 hand axe
rCold   + . .        (no shield)
rNeg    . . .        i - +0 chain mail
rPois   .            (no helmet)
rElec   .            (no cloak)
rCorr   .            (no gloves)
SInv    .            (no boots)
Will    ++...        (no amulet) Stlth
                     e - ring of protection from cold
HPRegen 1.27/turn    (no ring)
MPRegen 0.09/turn

%: no passive effects
@: strong-willed (expiring), on berserk cooldown, regenerating (expiring),
hasted and slowed
A: no striking features
a: Renounce Religion, Berserk, Trog's Hand


You were on level 3 of the Dungeon.
You worshipped Trog.
Trog was pleased with you.
You visited 1 branch of the dungeon, and saw 3 of its levels.

You collected 104 gold pieces.

Inventory:

Hand Weapons
 a - a +0 hand axe (weapon)
Missiles
 l - 18 stones
Armour
 i - a +0 chain mail (worn)
Jewellery
 b - an amulet of magic regeneration
 e - a ring of protection from cold (left hand)
Talismans
 j - a serpent talisman
Scrolls
 c - a scroll of identify
 k - a scroll of teleportation
Potions
 d - a potion of mutation {unknown}
 f - a potion of attraction {unknown}
 g - a potion of heal wounds {unknown}


   Skills:
 + Level 4.3 Fighting
 * Level 6.4 Axes
 + Level 2.9 Armour
 + Level 1.7 Dodging


You had 4 spell levels left.
You didn't know any spells.
Your spell library was empty.

Dungeon Overview and Level Annotations

Branches:
Dungeon (3/15)

Altars:
Vehumet

Annotations:
D:3 Natasha


Message History

You feel strong-willed. Natasha claws you. Natasha barely misses you.
You hit the black bear.
The black bear is lightly wounded.
You barely miss Natasha. The black bear bites you.
The black bear claws you but does no damage. x2
Natasha barely misses you.
You hit the black bear.
The black bear is heavily wounded.
You closely miss Natasha. The black bear barely misses you. x2
The black bear claws you. Natasha claws you. The black bear bites you.
The black bear claws you.
The black bear claws you but does no damage.
Natasha hisses.
Natasha claws you.
You slash the black bear!
The black bear is severely wounded.
You completely miss Natasha.
You feel the effects of Trog's Hand fading.
The black bear bites you but does no damage.
The black bear closely misses you.
The black bear claws you but does no damage.
Natasha claws you but does no damage.
You hit the black bear.
The black bear is almost dead.
You hit Natasha.
The black bear goes berserk!
Natasha closely misses you. The black bear bites you!
* * * LOW HITPOINT WARNING * * *
The black bear claws you.
* * * LOW HITPOINT WARNING * * *
The black bear barely misses you. Natasha claws you but does no damage.
You feel yourself speed up. The black bear completely misses you.
The black bear claws you.
* * * LOW HITPOINT WARNING * * *
The black bear claws you.
* * * LOW HITPOINT WARNING * * *
Natasha claws you!
* * * LOW HITPOINT WARNING * * *
The black bear bites you.
You die...

# #### #! ..# .###.##.#
##########
........######....#...#
......h†....)).......>#
#h@)†..†.)##.#.#.#
#.##########.....## #.
###..... .. ..#...##
### #.##...# #.###...
#.#..... #...).#.
#...#.#.


You could see a black bear (berserk) and Natasha.

Vanquished Creatures
  7 gnolls
  An adder (D:2)
  A dart slug (D:2)
  6 ball pythons
  4 endoplasms (D:1)
  4 giant cockroaches
  8 goblins
  4 hobgoblins
  2 jackals (D:2)
  2 quokkas
  3 bats (D:3)
  3 frilled lizards
  5 kobolds
  6 rats
56 creatures vanquished.

Notes
Turn   | Place    | Note
-------+----------+-------------------------------------------
     0 | D:1      | Mickster the Hill Orc Berserker began the quest for the
                  | Orb.
     0 | D:1      | Reached XP level 1. HP: 19/19 MP: 1/1
   130 | D:1      | Reached XP level 2. HP: 27/27 MP: 2/2
   659 | D:1      | Reached XP level 3. HP: 33/33 MP: 3/3
  1028 | D:2      | Reached skill level 5 in Axes
  1375 | D:2      | Reached XP level 4. HP: 40/40 MP: 4/4
  1379 | D:2      | Reached ** piety under Trog
  2181 | D:3      | Reached skill level 6 in Axes
  2224 | D:3      | Found a faded altar of an unknown god.
  2234 | D:3      | Found a radiant altar of Vehumet.
  2315 | D:3      | Reached XP level 5. HP: 47/47 MP: 5/5
  2325 | D:3      | Noticed a black bear
  2326 | D:3      | Noticed Natasha
  2335 | D:3      | HP: 1/47 [Natasha (8)]
  2335 | D:3      | Slain by a black bear

Illustrated notes

Levels and vault maps discovered:
D:1:      dpeg_arrival_boxes_within_box, layout_basic
D:2:      layout_loops_ring
D:3:      layout_basic, nicolae_vehumet_radiance, basic_ecumenical_altar,
          saegor_snake_ambush, uniq_natasha

Skill      XL: |  1  2  3  4 |
---------------+-------------+-----
Fighting       | 4 |  4.3
Axes           | 5 6 |  6.4
Armour         | |  2.9
Dodging        | |  1.7

Action                     |  1- 3 |  4- 6 || total
---------------------------+-------+-------++-------
  Melee: Hand axe          |   114 |    77 ||   191
         Punch             |       |     1 ||     1
 Invoke: Berserk           |     2 |     1 ||     3
         Trog's Hand       |       |     1 ||     1
    Use: Scroll            |     2 |     3 ||     5
         Potion            |       |     1 ||     1
 Armour: Animal skin       |    19 |       ||    19
         Scale mail        |    29 |       ||    29
         Chain mail        |    15 |    88 ||   103
  Dodge: Dodged            |    48 |    44 ||    92

Table legend: (Time is in decaauts)
 A = Elapsed time spent in this place.
 B = Non-inter-level travel time spent in this place.
 C = Inter-level travel time spent in this place.
 D = Time resting spent in this place.
 E = Time spent auto-exploring this place.
 F = Levels seen in this place.
 G = Mean time per level.
                   A        B        C        D        E       F      G
               +--------+--------+--------+--------+--------+-----+--------+
         Total |   2367 |   2327 |     40 |    212 |   1458 |   3 |  789.0 |
       Dungeon |   2367 |   2327 |     40 |    212 |   1458 |   3 |  789.0 |
               +--------+--------+--------+--------+--------+-----+--------+

Top non-repeatable levels by time:
     D:2: 1147 daAuts
     D:1: 1040 daAuts
     D:3: 180 daAuts
